 Dungeon Crawl Stone Soup version 0.30-a0-424-g7412bad402 (webtiles) character file.

Game seed: 2672040522805985899

29 innerfire433 the Trooper (level 3, 0/29 HPs)
             Began as a Demonspawn Monk on Dec 10, 2022.
             Slain by a worm (10 damage)
             ... on level 2 of the Dungeon.
             The game lasted 00:01:43 (1006 turns).

innerfire433 the Trooper (Demonspawn Monk)          Turns: 1006, Time: 00:01:44

Health: 0/29       AC:  0    Str: 13    XL:     3   Next: 1%
Magic:  3/3        EV: 13    Int: 11    God:
Gold:   94         SH:  0    Dex: 15    Spells: 2/2 levels left

rFire   . . .      SeeInvis +    a - +0 hand axe
rCold   . . .      Faith    .    (no shield)
rNeg    . . .      Spirit   .    (no body armour)
rPois   .          Reflect  .    (no helmet)
rElec   .          Harm     .    (no cloak)
rCorr   +          Rampage  .    (no gloves)
Will    .....                    (no boots)
Stlth   ++........               (no amulet)
HPRegen 0.24/turn                i - ring of see invisible
MPRegen 0.08/turn                j - ring of resist corrosion

@: no status effects
A: sturdy frame 2
a: no special abilities


You were on level 2 of the Dungeon.
You visited 1 branch of the dungeon, and saw 2 of its levels.

You collected 94 gold pieces.

Inventory:

Hand Weapons
 a - a +0 hand axe (weapon)
Armour
 b - a +0 robe
 d - a +0 plate armour
Jewellery
 i - a ring of see invisible (left hand)
 j - a ring of resist corrosion (right hand)
Scrolls
 f - a scroll of enchant armour {unknown}
 g - 3 scrolls of identify {unknown}
 k - 2 scrolls of teleportation {unknown}
Potions
 c - a potion of ambrosia
 e - 3 potions of heal wounds {unknown}
 h - a potion of flight {unknown}


   Skills:
 + Level 3.3 Fighting
 + Level 3.0 Axes
 * Level 1.1 Armour
 - Level 2.8 Dodging
 - Level 2.0 Stealth


You had 2 spell levels left.
You didn't know any spells.
Your spell library contained the following spells:

 Spells                   Type           Power      Damage    Failure   Level
 Ignite Poison            Fire/Tmut/Pois 0%         N/A       71%         3
 Sticky Flame             Conj/Fire      0%         2d3       98%         4
 Ignition                 Fire           0%         3d3       100%        8


Dungeon Overview and Level Annotations

Branches:
Dungeon (2/15)

Altars:


Innate Abilities, Weirdness & Mutations

Your movements are less encumbered by armour. (ER -4)


Message History

You slash the worm!
The worm is severely wounded.
You hit the worm but do no damage.
The worm is severely wounded.
The worm bites you.
You are too injured to fight recklessly!
You are too injured to fight recklessly!
You are too injured to fight recklessly!
You are too injured to fight recklessly!
You hit the worm.
The worm is almost dead.
The worm closely misses you.
You hit the worm but do no damage.
The worm is severely wounded.
You hit the worm but do no damage.
The worm is severely wounded.
The worm closely misses you.
You barely miss the worm.
The worm is severely wounded.
The worm bites you.
You barely miss the worm.
The worm is severely wounded.
The worm bites you.
You barely miss the worm.
The worm is severely wounded.
You hit the worm but do no damage.
The worm is severely wounded.
The worm closely misses you.
You hit the worm.
The worm is almost dead.
The worm bites you.
You barely miss the worm.
The worm is severely wounded.
You hit the worm but do no damage.
The worm is severely wounded.
The worm misses you.
You hit the worm.
The worm is almost dead.
The worm bites you!
You die...

##..##..........###.#.....#
#..............(.........#
#.####.####.#.####.##....#
#...........#.......#.......
######.############.#....#..
............##.#.####...
...##..?....##.#.#### ##
.......................
..........w@.#..#.....#
.....##.......#.......)#
#.[....)#.####...#
#..#.#..#.# ...# ...
#.####.# ..# .. .# #.# .. #
#. #.# .#


You could see a worm.

Vanquished Creatures
  A dart slug (D:1)
  4 bats
  2 endoplasms (D:1)
  2 giant cockroaches
  3 goblins (D:1)
  2 jackals (D:1)
  A quokka (D:2)
  4 ball pythons
  2 frilled lizards
  2 kobolds
  2 rats (D:1)
25 creatures vanquished.

Notes
Turn   | Place    | Note
-------+----------+-------------------------------------------
     0 | D:1      | innerfire433 the Demonspawn Monk began the quest for the
                  | Orb.
     0 | D:1      | Reached XP level 1. HP: 18/18 MP: 1/1
   151 | D:1      | Gained mutation: Your movements are slightly less
                  | encumbered by armour. (ER -2) [demonic ancestry]
   151 | D:1      | Reached XP level 2. HP: 10/24 MP: 2/2
   829 | D:2      | Reached skill level 1 in Armour
   967 | D:2      | Gained mutation: Your movements are less encumbered by
                  | armour. (ER -4) [demonic ancestry]
   967 | D:2      | Reached XP level 3. HP: 29/29 MP: 3/3
  1006 | D:2      | Slain by a worm

Illustrated notes

Levels and vault maps discovered:
D:1:      psy_arrival_radial02, layout_rooms
D:2:      layout_basic, ebering_ecumenical_altar_mist, grunt_decor_clamped,
          uniq_sigmund

Skill      XL: |  1  2 |
---------------+-------+-----
Stealth        | 2 |  2.0
Axes           | 3 |  3.0
Armour         | 1 |  1.1
Fighting       | |  3.3
Dodging        | |  2.8

Action                   || total
-------------------------++-------
Melee: Hand axe          ||    73
 Stab: Sleeping          ||     7
Armor: Robe              ||     1
Dodge: Dodged            ||    43

Table legend: (Time is in decaauts)
 A = Elapsed time spent in this place.
 B = Non-inter-level travel time spent in this place.
 C = Inter-level travel time spent in this place.
 D = Time resting spent in this place.
 E = Time spent auto-exploring this place.
 F = Levels seen in this place.
 G = Mean time per level.
                   A        B        C        D        E       F      G
               +--------+--------+--------+--------+--------+-----+--------+
         Total |   1015 |    979 |     36 |      0 |    766 |   2 |  507.5 |
       Dungeon |   1015 |    979 |     36 |      0 |    766 |   2 |  507.5 |
               +--------+--------+--------+--------+--------+-----+--------+

Top non-repeatable levels by time:
     D:1: 791 daAuts
     D:2: 224 daAuts
